 Dungeon Crawl Stone Soup version 0.25.0-9-g26727b657a (webtiles) character file.

Game seed: 4700140201697223707

168 Delamore the Cudgeler (level 5, -2/48 HPs)
             Began as a Gargoyle Fighter on June 18, 2020.
             Killed from afar by an orc wizard (9 damage)
             ... with a puff of flame
             ... on level 2 of the Dungeon.
             The game lasted 00:01:19 (1336 turns).

Delamore the Cudgeler (Gargoyle Fighter)            Turns: 1336, Time: 00:01:20

Health: -2/48      AC: 22    Str: 20    XL:     5   Next: 48%
Magic:  5/5        EV:  2    Int:  9    God:
Gold:   51         SH:  0    Dex:  9    Spells: 4/4 levels left

rFire    . . .     SeeInvis .   a - +0 flail
rCold    . . .     Gourm    .   c - +0 kite shield
rNeg     + + +     Faith    .   (armour currently unavailable)
rPois    ∞         Spirit   .   (helmet currently unavailable)
rElec    .         Reflect  .   (cloak currently unavailable)
rCorr    .         Harm     .   (gloves currently unavailable)
MR       .....     NoTele   +   (boots currently unavailable)
Stlth    +.........             (no amulet)
HPRegen  0.16/turn              (no ring)
MPRegen  0.09/turn              (no ring)

@: confused, tree-form
A: negative energy resistance 1, petrification resistance, rot immunity, AC +4
a: no special abilities


You were on level 2 of the Dungeon.
You were not hungry.
You were a tree.
You visited 1 branch of the dungeon, and saw 2 of its levels.

You collected 51 gold pieces.

Inventory:

Hand Weapons
 a - a +0 flail (weapon)
Missiles
 e - 3 curare-tipped darts (quivered)
Armour
 b - a +0 scale mail (melded)
 c - a +0 kite shield (worn)
 i - a +0 pair of boots (melded)
 j - a +0 tower shield
Scrolls
 h - 3 scrolls of identify {unknown}
 l - a scroll of remove curse {unknown}
 m - a scroll of immolation {unknown}
 n - a scroll of amnesia {unknown}
Potions
 d - a potion of might
Comestibles
 f - 5 rations
 g - 4 chunks of flesh


   Skills:
 - Level 3.2 Fighting
 + Level 5.5 Maces & Flails
 - Level 3.2 Armour
 - Level 3.2 Shields


You had 4 spell levels left.
You didn't know any spells.
Your spell library was empty.

Dungeon Overview and Level Annotations

Branches:
Dungeon (2/15)

Altars:


Innate Abilities, Weirdness & Mutations

You are resistant to torment.
((Your stone body is resilient. (AC +4)))
You are immune to poison.
You resist negative energy. (rN+)
((You are resistant to electric shocks. (rElec)))
((You can survive without breathing.))
You are immune to petrification.
You are immune to rotting.


Message History

The orc wizard is moderately wounded.
You block the orc's attack. You block the orc wizard's attack.
You closely miss the orc wizard.
The orc wizard is moderately wounded.
You block the orc's attack. The orc wizard barely misses you.
The orc barely misses you.
You barely miss the orc wizard.
The orc wizard is moderately wounded.
The orc wizard points at you and mumbles some strange words.
You are confused.
The orc closely misses you.
The orc wizard gestures at you while chanting.
The magic dart hits you but does no damage.
It was a potion of lignification.
You turn into a tree.
Your +0 pair of boots melds into your body.
Your +0 scale mail melds into your body.
Your roots penetrate the ground.
The orc hits you but does no damage.
The orc wizard gestures at you while chanting.
The puff of flame hits you!
You die...

#.#.# #.....####
#.#. #.....# #.#.
#.....# #>#.
#.....# #.§.#
#.....# #.###
###..## # #^#
#..######
#.######...........
#)♣o.....# ......
#o....$..# #####.
########.# #.#####.
........ ###)##.
#.##÷ #.##. #....
#.###


You could see an orc wizard and an orc.

Vanquished Creatures
  A phantom (D:2)
  An orc priest (D:2)
  An adder (D:2)
  3 dart slugs (D:1)
  A leopard gecko (D:1)
  4 bats
  2 giant cockroaches
  4 goblins
  6 hobgoblins
  3 jackals (D:2)
  A ball python (D:2)
  5 kobolds
  6 rats
38 creatures vanquished.

Notes
Turn   | Place    | Note
-------+----------+-------------------------------------------
     0 | D:1      | Delamore the Gargoyle Fighter began the quest for the Orb.
     0 | D:1      | Reached XP level 1. HP: 14/14 MP: 1/1
   284 | D:1      | Reached XP level 2. HP: 18/19 MP: 2/2
   355 | D:1      | Reached skill level 3 in Maces & Flails
   658 | D:1      | Reached XP level 3. HP: 23/23 MP: 3/3
  1065 | D:2      | Reached skill level 4 in Maces & Flails
  1068 | D:2      | Noticed a phantom
  1114 | D:2      | Killed a phantom
  1114 | D:2      | Reached skill level 5 in Maces & Flails
  1114 | D:2      | Reached XP level 4. HP: 20/28 MP: 4/4
  1114 | D:2      | Reached XP level 5. HP: 22/32 MP: 5/5
  1336 | D:2      | Killed from afar by an orc wizard

Illustrated notes

Levels and vault maps discovered:
D:1:      moated_graveyard_arrival, layout_loops_ring
D:2:      layout_loops_ring, first_ration, chequers_ecumenical_altar_twisty,
          minmay_misc_feat_square, minmay_tetromino_l4

Skill      XL: |  1  2  3 |
---------------+----------+-----
Maces & Flails | 3 5 |  5.5
Fighting       | |  3.2
Armour         | |  3.2
Shields        | |  3.2

Action                   |  1- 3 |  4- 6 || total
-------------------------+-------+-------++-------
Melee: Flail             |   148 |    39 ||   187
  Use: Potion            |       |     1 ||     1
  Eat: Chunk             |     1 |     1 ||     2
Armor: Scale mail        |    66 |    34 ||   100
Dodge: Dodged            |    44 |    19 ||    63
Block: Kite shield       |    61 |    28 ||    89
